 Dungeon Crawl Stone Soup version 0.23.2-33-g5129a83184 (webtiles) character file.

Game seed: 14134445789719122384

14146 Felnil the Cleaver (level 11, -5/148 HPs)
             Began as a Minotaur Fighter on Aug 4, 2019.
             Was the Champion of Okawaru.
             Slain by a cyclops (17 damage)
             ... on level 1 of the Orcish Mines.
             The game lasted 01:45:16 (12347 turns).

Felnil the Cleaver (Minotaur Fighter)              Turns: 12347, Time: 01:45:17

Health: -5/148     AC: 29    Str: 29    XL:     11   Next: 84%
Magic:  10/10      EV:  2    Int: 10    God:    Okawaru [******]
Gold:   251        SH: 13    Dex: 15    Spells: 10/10 levels left

rFire    + . .     SeeInvis .   a - +2 war axe
rCold    + . .     Gourm    .   c - +0 shield
rNeg     + + +     Faith    .   (armour currently unavailable)
rPois    +         Spirit   .   (helmet currently unavailable)
rElec    +         Reflect  .   (cloak currently unavailable)
rCorr    +         Harm     .   (gloves currently unavailable)
MR       .....     NoTele   +   (boots currently unavailable)
Stlth    +++.......             N - amulet of magic regeneration
HPRegen  0.34/turn              e - +4 ring of protection
MPRegen  0.37/turn              j - ring of positive energy

@: mighty, brilliant, agile, tree-form, resistant, very slightly contaminated,
invisible
A: (retaliatory headbutt)
a: Heroism, Finesse, Renounce Religion


You were on level 1 of the Orcish Mines.
You worshipped Okawaru.
Okawaru was exalted by your worship.
You were hungry.
You were a tree.
You visited 3 branches of the dungeon, and saw 12 of its levels.
You also visited: Ossuary.

You collected 645 gold pieces.
You spent 394 gold pieces at shops.

Inventory:

Hand Weapons
 a - a +2 war axe (weapon)
 i - a +0 whip of electrocution
 m - a +1 dagger of flaming
 G - the +9 staff of Olgreb {rPois}
   (You found it on level 6 of the Dungeon)

   It protects you from poison.
 I - a +0 flail of protection
Missiles
 H - a throwing net
 M - 6 javelins (quivered)
Armour
 b - a +4 scale mail
 c - a +0 shield (worn)
 k - the -2 pair of boots "Fariymy" (melded) {rPois}
   (Okawaru gifted it to you on level 9 of the Dungeon)

   It protects you from poison.
 t - a +0 pair of gloves (melded)
 z - a scarf of cloud immunity (melded)
 C - a +2 plate armour of magic resistance (melded)
Jewellery
 e - a +4 ring of protection (left branch)
 h - an uncursed ring of poison resistance
 j - a ring of positive energy (right branch)
 n - an uncursed ring of resist corrosion
 N - an amulet of magic regeneration (around neck)
Wands
 l - a wand of random effects (26)
 s - a wand of scattershot (3)
 y - a wand of enslavement (10)
 D - a wand of polymorph (23)
 J - a wand of digging (6)
 L - a wand of acid (8)
Scrolls
 g - 4 scrolls of teleportation
 v - 5 scrolls of remove curse
 x - 2 scrolls of blinking
 A - 3 scrolls of fog
Potions
 d - 2 potions of might
 r - 2 potions of berserk rage
 u - 2 potions of haste
 F - 2 potions of lignification
Comestibles
 f - 36 rations


   Skills:
 + Level 10.0 Fighting
 + Level 14.1 Axes
 + Level 9.1 Armour
 + Level 6.6 Dodging
 + Level 2.0 Stealth
 + Level 10.7 Shields
 + Level 0.2 Evocations


You had 10 spell levels left.
You didn't know any spells.
Your spell library was empty.

Dungeon Overview and Level Annotations

Branches:
Dungeon (10/15)            Temple (1/1) D:6             Orc (1/2) D:10
   Lair: D:8-11

Altars:
Ashenzari
Cheibriados
Dithmenos
Elyvilon
Fedhas
Gozag
Hepliaklqana
Kikubaaqudgha
Makhleb
Nemelex Xobeh
Okawaru
Qazlal
Ru
Sif Muna
Trog
Uskayaw
Vehumet
Wu Jian
Xom
Yredelemnul
Zin
The Shining One

Shops:
D:5 %}   D:6 =   D:8 (![

Annotations:
D:6 1 runed translucent door, exclusion: statue


Innate Abilities, Weirdness & Mutations

((You reflexively headbutt those who attack you in melee.))
((You have a pair of horns on your head.))


Message History

You slice the warg!!
You kill the warg!
Okawaru accepts your kill.
You hit the cyclops.
The cyclops is lightly wounded.
You slash the cyclops!
The cyclops is moderately wounded.
You block the cyclops's attack.
You completely miss the cyclops.
The cyclops is moderately wounded.
You hit the cyclops but do no damage.
The cyclops is moderately wounded.
The cyclops hits you!
* * * LOW HITPOINT WARNING * * *
A wolf comes into view.
The wolf howls!
You slice the cyclops!!
The cyclops is severely wounded.
The cyclops hits you!
You die...

##.......# ##.#
##........# ###
#.........# #.
#.......^.# ##
####.........# ##.
#>##....(....# #..
##'##§..§()...# ###.
#.§##)§§.()...####.##
#(hC♣(..........#...#
#.h##§§§.............
#.§##§§..............
#.(##................
##o#####........#....
#.. #............#
#... #.............
#...C +...P#........
+o..C. ....#.#.#....


You could see a cyclops and 2 wolves.

Vanquished Creatures
  A two-headed ogre (D:8)
  Urug (D:10)
  Sonja (D:10)
  Pikel (D:4)
  5 cyclopes (Orc:1)
  A komodo dragon (D:10)
  A troll (D:10)
  2 queen bees
  A hippogriff (D:10)
  Sigmund (D:2)
  4 yaks (D:10)
  Eustachio (D:4)
  3 wargs (Orc:1)
  4 water moccasins
  2 soldier ants (D:6)
  2 sky beasts
  8 orc warriors
  A phantom (D:7)
  4 slaves (D:4)
  A black bear (D:8)
  An ice beast (D:7)
  A necrophage (D:6)
  2 ogres
  A wolf (Orc:1)
  A big kobold (D:9)
  Blork the orc (D:4)
  3 bullfrogs
  A wyvern zombie (Ossuary)
  4 scorpions
  59 killer bees
  4 howler monkeys
  5 wights (D:10)
  4 electric eels (D:10)
  6 crimson imps
  3 bullfrog zombies (Ossuary)
  2 hounds
  2 jellies
  A centaur skeleton (D:9)
  3 orc priests
  A bullfrog skeleton (D:6)
  6 centaur zombies
  2 iguanas
  12 orc wizards
  12 worker ants
  A killer bee zombie (Ossuary)
  A hound zombie (Ossuary)
  A hound skeleton (D:5)
  14 mummies (Ossuary)
  A howler monkey zombie (Ossuary)
  4 gnolls (D:7)
  12 adders
  A shadow imp (D:9)
  2 oozes
  5 adder zombies
  3 adder skeletons
  3 worms
  6 dart slugs
  6 leopard geckos
  40 orcs
  4 giant cockroaches
  10 goblins
  6 hobgoblins
  14 jackals
  7 kobolds
  A quokka (D:8)
  2 ball pythons
  11 bats
  8 frilled lizards
  A giant cockroach zombie (Ossuary)
  A jackal skeleton (D:9)
  3 jackal zombies (Ossuary)
  A leopard gecko skeleton (D:4)
  A quokka skeleton (D:4)
  A quokka zombie (Ossuary)
  7 rats
  A plant (D:10)
361 creatures vanquished.

Vanquished Creatures (others)
  An orc (Orc:1)
  2 jackals (D:10)
  9 plants (D:10)
12 creatures vanquished.

Grand Total: 373 creatures vanquished

Notes
Turn   | Place    | Note
-------+----------+-------------------------------------------
     0 | D:1      | Felnil the Minotaur Fighter began the quest for the Orb.
     0 | D:1      | Reached XP level 1. HP: 19/19 MP: 0/0
   110 | D:1      | Reached XP level 2. HP: 27/27 MP: 1/1
   732 | D:2      | Reached XP level 3. HP: 32/33 MP: 2/2
   771 | D:2      | Noticed Sigmund
   842 | D:2      | Reached skill level 3 in Axes
  1118 | D:2      | Reached XP level 4. HP: 39/40 MP: 3/3
  1132 | D:2      | Found a shadowy altar of Dithmenos.
  1276 | D:2      | Killed Sigmund
  1276 | D:2      | Reached skill level 4 in Axes
  1276 | D:2      | Reached skill level 1 in Dodging
  1276 | D:2      | Reached skill level 5 in Shields
  1276 | D:2      | Reached XP level 5. HP: 30/47 MP: 4/4
  1562 | D:3      | Reached skill level 5 in Axes
  1640 | D:3      | Found a hazy altar of Hepliaklqana.
  1741 | D:3      | Reached XP level 6. HP: 49/53 MP: 5/5
  1756 | D:3      | Reached skill level 1 in Stealth
  2319 | D:4      | Noticed Blork the orc
  2330 | D:4      | Killed Blork the orc
  2330 | D:4      | Reached skill level 6 in Axes
  2462 | D:4      | Found an iron altar of Okawaru.
  2475 | D:4      | Reached XP level 7. HP: 53/60 MP: 6/6
  2480 | D:4      | Became a worshipper of Warmaster Okawaru
  2598 | D:4      | Noticed Eustachio
  2631 | D:4      | Killed Eustachio
  2631 | D:4      | Reached skill level 5 in Fighting
  2737 | D:4      | Reached skill level 7 in Axes
  2904 | D:4      | Noticed Pikel
  3021 | D:4      | Killed Pikel
  3021 | D:4      | Reached * piety under Okawaru
  3021 | D:4      | Reached ** piety under Okawaru
  3021 | D:4      | Reached skill level 8 in Axes
  3021 | D:4      | Reached skill level 5 in Armour
  3021 | D:4      | Reached XP level 8. HP: 38/69 MP: 7/7
  3343 | D:5      | Entered Level 5 of the Dungeon
  3368 | D:5      | Found a burning altar of Makhleb.
  3471 | D:5      | Found Ceuvunn's Gadget Boutique.
  3479 | D:5      | Bought a wand of enslavement (11) for 169 gold pieces
  3545 | D:5      | Found Ykatsex's Food Shop.
  4066 | D:6      | Reached skill level 9 in Axes
  4150 | D:6      | Found a staircase to the Ecumenical Temple.
  4155 | Temple   | Entered the Ecumenical Temple
  4397 | D:6      | Found a sand-covered staircase.
  4402 | Ossuary  | Entered an ossuary
  4530 | Ossuary  | Reached XP level 9. HP: 73/75 MP: 8/8
  4680 | Ossuary  | Reached *** piety under Okawaru
  4680 | Ossuary  | Reached skill level 10 in Axes
  4700 | Ossuary  | Identified a scroll of acquirement
  4922 | D:6      | Found a runed translucent door.
  4923 | D:6      | Found a runed translucent gate.
  4923 | D:6      | Found a runed translucent gate.
  4959 | D:6      | Found the +9 staff of Olgreb {rPois}
  4962 | D:6      | Found a runed translucent door.
  5061 | D:6      | Found a shimmering altar of Xom.
  5136 | D:6      | Found an ancient bone altar of Kikubaaqudgha.
  5138 | D:6      | Found a blossoming altar of Fedhas.
  5190 | D:6      | Found a radiant altar of Vehumet.
  5208 | D:6      | Found a runed translucent gate.
  5248 | D:6      | Found Fulaklil's Jewellery Shoppe.
  5334 | D:6      | Found a sparkling altar of Nemelex Xobeh.
  5334 | D:6      | Found an opulent altar of Gozag.
  5456 | D:6      | Reached skill level 11 in Axes
  5488 | D:6      | Reached **** piety under Okawaru
  6153 | D:7      | Reached XP level 10. HP: 86/86 MP: 9/9
  6694 | D:7      | Found a sacrificial altar of Ru.
  6749 | D:8      | Reached skill level 12 in Axes
  6759 | D:8      | Found Lapsoghy's Antique Armour Boutique.
  6861 | D:8      | Reached ***** piety under Okawaru
  7259 | D:8      | Found a glowing silver altar of Zin.
  7278 | D:8      | Noticed a two-headed ogre
  7289 | D:8      | Killed a two-headed ogre
  7289 | D:8      | Reached skill level 5 in Dodging
  7396 | D:8      | Found Kidoagum's Weapon Shoppe.
  7555 | D:8      | Found a shattered altar of Ashenzari.
  7572 | D:8      | Found Umoameimir's Distillery.
  7597 | D:8      | Bought a potion of heal wounds for 75 gold pieces
  7597 | D:8      | Bought a potion of heal wounds for 75 gold pieces
  7597 | D:8      | Bought a potion of heal wounds for 75 gold pieces
  7676 | D:8      | Found an ornate altar of the Wu Jian Council.
  8411 | D:9      | Received a gift from Okawaru
  8622 | D:9      | Reached XP level 11. HP: 95/95 MP: 10/10
  8824 | D:9      | Got a pair of distressingly furry boots {god gift}
  8834 | D:9      | Identified the -2 pair of boots "Fariymy" {rPois} (Okawaru
                  | gifted it to you on level 9 of the Dungeon)
  9303 | D:9      | Reached skill level 13 in Axes
  9344 | D:9      | Reached skill level 10 in Shields
  9685 | D:10     | Entered Level 10 of the Dungeon
  9962 | D:10     | Noticed Urug
  9985 | D:10     | Killed Urug
 10359 | D:10     | Noticed Sonja
 10361 | D:10     | Paralysed by Sonja for 3 turns
 10371 | D:10     | Paralysed by Sonja for 7 turns
 10393 | D:10     | Killed Sonja
 11681 | D:10     | Found a staircase to the Orcish Mines.
 11693 | Orc:1    | Entered Level 1 of the Orcish Mines
 12327 | Orc:1    | Reached skill level 10 in Fighting
 12338 | Orc:1    | Reached ****** piety under Okawaru
 12338 | Orc:1    | Reached skill level 14 in Axes
 12340 | Orc:1    | Received a gift from Okawaru
 12347 | Orc:1    | Slain by a cyclops

Skill      XL: |  1  2  3  4  5  6  7  8  9 10 11 |
---------------+----------------------------------+-----
Shields        | 4 5 6 7 8 9 10 | 10.7
Fighting       | 4 5 6 7 8 10 | 10.0
Axes           | 3 4 5 6 8 9 11 12 14 | 14.1
Armour         | 4 5 6 8 9 |  9.1
Dodging        | 1 3 4 5 6 |  6.6
Stealth        | 1 2 |  2.0
Evocations     | |  0.2

Action                   |  1- 3 |  4- 6 |  7- 9 | 10-12 || total
-------------------------+-------+-------+-------+-------++-------
Melee: War axe           |    87 |   107 |   429 |   520 ||  1143
       Headbutt          |    15 |    18 |    77 |    78 ||   188
Invok: Heroism           |       |       |       |     2 ||     2
Evoke: Wand              |       |     1 |     1 |     2 ||     4
  Use: Scroll            |       |     9 |    10 |     5 ||    24
       Potion            |       |       |     6 |    15 ||    21
 Stab: Invisible         |       |       |       |     3 ||     3
  Eat: Chunk             |     1 |     4 |     8 |    11 ||    24
       Ration            |       |       |     2 |     2 ||     4
Armor: Scale mail        |    77 |    33 |   170 |   235 ||   515
       Skin              |       |       |     3 |    14 ||    17
       Plate armour      |       |       |       |     1 ||     1
Dodge: Dodged            |    28 |    33 |   145 |   244 ||   450
Block: Shield            |    59 |    54 |   205 |   336 ||   654
